 Dungeon Crawl Stone Soup version 0.31-a0-152-g6aa68a64a1 (webtiles) character file.

Game seed: 608110764796502373

50021 qw the Cleaver (level 14, -6/90 HPs)
             Began as a Gargoyle Fighter on June 10, 2023.
             Was an Elder of Okawaru.
             Mangled by a minotaur
             ... wielding the +5 flail of Insufficient Pleasure {freeze, rF+ Will+}
              (8 damage)
             ... in a Gauntlet.
             The game lasted 00:09:35 (15636 turns).

qw the Cleaver (Gargoyle Fighter)                  Turns: 15636, Time: 00:09:35

Health: -6/90      AC: 39    Str: 31    XL:     14   Next: 53%
Magic:  21/21      EV: 15    Int: 12    God:    Okawaru [****..]
Gold:   1225       SH: 13    Dex:  8    Spells: 13/13 levels left

rFire   . . .        w - +3 war axe (vamp)
rCold   . . .        A - +0 kite shield
rNeg    + . .        c - +0 plate armour
rPois   inf          m - +2 helmet
rElec   +            p - +0 cloak
rCorr   .            y - +2 pair of gloves
SInv    .            k - +1 pair of boots
Will    +....        o - amulet of faith Stlth
                     Y - +6 ring of strength
HPRegen 0.35/turn    s - +5 ring of evasion
MPRegen 0.17/turn

%: no teleportation, faith
@: heroic, flying
A: sickness immunity, AC +10, big wings, negative energy resistance 1,
electricity resistance, torment resistance 1, petrification resistance, clever 1
a: Renounce Religion, Heroism, Finesse


You were in a Gauntlet.
You worshipped Okawaru.
Okawaru was greatly pleased with you.
You visited 3 branches of the dungeon, and saw 17 of its levels.
You also visited: Gauntlet.

You collected 1365 gold pieces.
You spent 140 gold pieces at shops.


Innate Abilities, Weirdness & Mutations

You are immune to sickness and miasma.
Your stone body is resilient. (AC +10)
You are immune to poison.
Your large and strong wings let you fly.
You resist negative energy. (rN+)
You are resistant to electric shocks. (rElec)
You are resistant to unholy torment.
You are immune to petrification.
Your mind is acute. (Int +4, Str/Dex -1)


   Skills:
 - Level 11.0(16.0) Fighting
 - Level 14.0(19.0) Axes
 - Level 5.0(10.0) Throwing
 + Level 10.8(15.8) Armour
 - Level 2.0(7.0) Dodging
 - Level 12.0(17.0) Shields
 - Level 10.0 Invocations


You had 13 spell levels left.
You didn't know any spells.
Your spell library was empty.

Inventory:

Hand Weapons
 b - a +1 war axe of flaming
 n - a +0 broad axe
 w - a +3 vampiric war axe (weapon)
Missiles
 t - 19 boomerangs
 B - 3 silver javelins (quivered)
Armour
 c - a +0 plate armour (worn)
 i - the +1 pair of boots of Coeren {-Cast Harm rF+ rN++}
   (Okawaru gifted it to you on level 2 of the Lair of Beasts)

   rF:        It protects you from fire.
   rN:        It greatly protects you from negative energy.
   -Cast:     It prevents spellcasting.
   Harm:      It increases damage dealt and taken.
 k - a +1 pair of boots (worn)
 m - a +2 helmet (worn)
 p - a +0 cloak (worn)
 v - +0 acid dragon scales
 y - a +2 pair of gloves (worn)
 A - a +0 kite shield (worn)
Jewellery
 o - an amulet of faith (around neck)
 s - a +5 ring of evasion (right hand)
 z - the amulet of the Pharaoh's Fist {Reflect Contam +Blink rElec Regen+ Int-5 SH+5}
   (You took it off a centaur on level 10 of the Dungeon)

   [amulet of reflection]

   It reflects blocked missile attacks.
   Int:       It affects your intelligence (-5).
   rElec:     It insulates you from electricity.
   +Blink:    It lets you blink.
   Contam:    It causes magical contamination when unequipped.
   Regen:     It increases your rate of health regeneration.
   SH:        It affects your SH (+5).
 Y - a +6 ring of strength (left hand)
Scrolls
 a - 11 scrolls of identify
 f - 7 scrolls of teleportation
Potions
 d - 2 potions of might
 e - 4 potions of attraction
 g - 3 potions of haste
 j - a potion of mutation
 l - 2 potions of cancellation
 q - 4 potions of heal wounds
 r - 7 potions of curing
 u - 3 potions of resistance

Dungeon Overview and Level Annotations

Branches:
Dungeon (11/15)            Temple (1/1) D:6            Lair (5/5) D:10
  Swamp (0/4) Lair:2       Spider (0/4) Lair:2        Slime (0/5) Lair:4
    Orc (0/2) D:9         Gauntlet (1/1)

Altars:
Ashenzari
Cheibriados
Dithmenos
Elyvilon
Fedhas
Gozag
Hepliaklqana
Kikubaaqudgha
Makhleb
Nemelex Xobeh
Okawaru
Qazlal
Ru
Sif Muna
Trog
Uskayaw
Vehumet
Wu Jian
Xom
Yredelemnul
Zin
The Shining One
Jiyva

Shops:
D:1 !   D:5 !   D:11 (

Annotations:
D:5 3 runed translucent doors, qw's ghost, novice GrFi; qw's ghost, novice MiHu
D:10 Snorg
Lair:2 3 runed translucent doors, qw's ghost, journeyman MiHu Gauntlet 7 transporters, 2 runed translucent doors


Message History

The minotaur is heavily wounded.
The minotaur hits you with the +5 flail of Insufficient Pleasure {freeze, rF+ Will+}!
The minotaur freezes you. You block the minotaur's attack.
You slice the minotaur!!
The minotaur is severely wounded.
The minotaur hits you but does no damage.
The minotaur completely misses you.
You hit the minotaur.
The minotaur is severely wounded.
You block the minotaur's attack.
The minotaur gores you but does no damage.
The minotaur blocks your attack.
The minotaur is severely wounded.
The minotaur blocks your attack.
The minotaur is severely wounded.
The minotaur misses you.
The minotaur gores you but does no damage.
The minotaur blocks your attack.
The minotaur is severely wounded.
You block the minotaur's attack.
The minotaur gores you but does no damage.
The minotaur blocks your attack.
The minotaur is severely wounded.
The minotaur hits you but does no damage.
The minotaur completely misses you. The minotaur blocks your attack.
The minotaur is severely wounded.
You slash the minotaur!
The minotaur is almost dead.
You block the minotaur's attack.
The minotaur gores you but does no damage.
You hit the minotaur but do no damage.
The minotaur is almost dead.
The minotaur misses you.
The minotaur gores you but does no damage.
The minotaur blocks your attack.
The minotaur is almost dead.
The minotaur hits you with the +5 flail of Insufficient Pleasure {freeze, rF+ Will+}!!
The minotaur freezes you. The minotaur gores you!
You die...

#~~~#...######
########...#...#8..^#
#..........#.8.#^...#
##.##.###.8.#.}.#8..^#
#8........^.#.8.######
.....#.#.8.#...#.##..
#######.#.#.^.#...#..##.
[8/8.8#...#.8.#.8.#...#.
......H@###.^.#.\.#^##.#
:8[8.8#...#.8.#.8.###.#.
##### #.#.#.^.#...##..##
..#.#.8.#...#|..^#
......^.#.8.######
##.###.8.#.}.#8..^#
........#.8.#^...#
#####...#...#8..^#
#~~~#...######


You could see a minotaur.

Vanquished Creatures
  A quicksilver ooze (Gauntlet)
  2 dire elephants (Lair:5)
  2 catoblepae
  2 hydras
  A two-headed ogre (D:10)
  5 death yaks
  Sonja (D:10)
  A fire crab (shapeshifter) (D:10)
  An orb spider (Lair:2)
  A large abomination (Gauntlet)
  3 lindwurms
  2 ugly things
  A cyclops (D:10)
  A worldbinder (Gauntlet)
  4 manticores
  11 elephants
  7 black mambas
  A torpor snail (Lair:1)
  4 komodo dragons
  Maggie (D:7)
  11 cane toads
  7 rime drakes
  A troll (D:9)
  2 polar bears
  Prince Ribbit (D:5)
  17 blink frogs
  2 hornets (Lair:5)
  6 dream sheep
  Sigmund (D:2)
  10 wyverns
  12 basilisks
  29 yaks
  3 steam dragons
  Menkaure (D:7)
  A vampire mosquito (D:10)
  Edmund (D:5)
  A hell hound (Lair:4)
  Duvessa (D:7)
  15 water moccasins
  3 orc warriors
  2 sky beasts (D:8)
  6 small abominations (Gauntlet)
  3 ice beasts
  2 black bears
  A boggart (Gauntlet)
  An ogre (D:7)
  2 wolves
  5 centaurs
  3 phantoms (D:9)
  A kobold brigand (D:10)
  17 bullfrogs
  4 gnoll sergeants
  6 scorpions
  2 troll zombies (D:9)
  3 wights (D:9)
  Dowan (D:7)
  26 killer bees
  An electric eel (Lair:2)
  4 crimson imps (D:11)
  6 howler monkeys
  7 hounds
  2 orc priests
  4 jellies
  2 gnoll boudas
  2 iguanas
  Ijyb (D:5)
  10 orc wizards
  24 hell rats
  4 ogre zombies (D:9)
  Robin (D:3)
  5 adders
  20 gnolls
  15 river rats (Lair:1)
  4 shadow imps
  3 white imps
  An ufetubus (D:6)
  3 worms
  2 dart slugs
  33 orcs
  2 bat zombies (D:3)
  4 endoplasms
  4 giant cockroaches (D:2)
  15 goblins
  10 hobgoblins
  5 jackals
  6 quokkas
  8 ball pythons
  7 bats
  6 frilled lizards
  4 goblin zombies (D:9)
  A hobgoblin skeleton (D:9)
  8 kobolds
  2 orc skeletons (D:9)
  12 orc zombies (D:9)
  13 rats
  A rat zombie (D:3)
  A butterfly (Lair:2)
525 creatures vanquished.

Notes
Turn   | Place    | Note
-------+----------+-------------------------------------------
     0 | D:1      | qw the Gargoyle Fighter began the quest for the Orb.
     0 | D:1      | Reached XP level 1. HP: 14/14 MP: 1/1
     0 | D:1      | 0 ||| qw: Version: 0.2-a-123-gb51047a
     0 | D:1      | 0 ||| qw: Game counter: 3751
     0 | D:1      | 0 ||| qw: Always use a shield: true
     0 | D:1      | 0 ||| qw: God list: Okawaru
     0 | D:1      | 0 ||| qw: Allow faded altars: false
     0 | D:1      | 0 ||| qw: Do Orc after D:15 true
     0 | D:1      | 0 ||| qw: Do second Lair branch before Depths: true
     0 | D:1      | 0 ||| qw: Lair rune preference: random
     0 | D:1      | 0 ||| qw: Plans: Normal, Zot:1-4, Slime:5, God:TSO, Crypt,
                  | Tomb, Abyss, Pan, Hells, Win
     0 | D:1      | 0 ||| PLANNING D:1-11
    43 | D:1      | Reached skill level 2 in Axes
    91 | D:1      | Found Denin's Distillery.
   104 | D:1      | Reached XP level 2. HP: 18/19 MP: 2/2
   107 | D:1      | 107 ||| SHOPLISTING potion of cancellation (112 gold, have
                  | 0).
   107 | D:1      | 107 ||| SHOPLISTING potion of curing (42 gold, have 0).
   107 | D:1      | 107 ||| SHOPLISTING potion of haste (140 gold, have 0).
   107 | D:1      | 107 ||| SHOPLISTING potion of might (56 gold, have 0).
   107 | D:1      | 107 ||| SHOPLISTING potion of mutation (112 gold, have 0).
   107 | D:1      | 107 ||| SHOPLISTING potion of resistance (140 gold, have
                  | 0).
   197 | D:1      | You fall into a shaft and drop 1 floor!
   461 | D:2      | Reached skill level 3 in Axes
   461 | D:2      | Reached XP level 3. HP: 15/23 MP: 3/3
   530 | D:2      | Noticed Sigmund
   532 | D:2      | 532 ||| Stepping ~*~*~tactically~*~*~ (hiding).
   534 | D:2      | 534 ||| Stepping ~*~*~tactically~*~*~ (hiding).
   540 | D:2      | Killed Sigmund
   541 | D:2      | Reached skill level 5 in Axes
   541 | D:2      | Reached XP level 4. HP: 28/28 MP: 4/4
   541 | D:2      | Reached XP level 5. HP: 32/32 MP: 5/5
   541 | D:2      | 541 ||| Stepping ~*~*~tactically~*~*~ (hiding).
   557 | D:2      | Found a faded altar of an unknown god.
   837 | D:2      | 837 ||| UPGRADING to +0 pair of boots.
   842 | D:2      | 842 ||| DROPPING orb of energy.
   843 | D:2      | 843 ||| UPGRADING to amulet of the acrobat.
   848 | D:2      | 848 ||| READING 4 scrolls labelled JOELEA NESAOH.
   849 | D:2      | 849 ||| READING scroll labelled DECEUM WEUZ.
   850 | D:2      | 850 ||| READING scroll labelled PUAMANT CEIQI.
   851 | D:2      | 851 ||| READING scroll labelled CISAIVAROAR.
   852 | D:2      | 852 ||| READING scroll labelled AMOAFU EVOUCSA.
   853 | D:2      | 853 ||| READING scroll labelled BIGAME WAR DEU.
   854 | D:2      | 854 ||| READING 3 scrolls of identify.
   854 | D:2      | 854 ||| IDENTIFYING murky puce potion
   855 | D:2      | 855 ||| READING 2 scrolls of identify.
   855 | D:2      | 855 ||| IDENTIFYING lumpy silvery potion
   856 | D:2      | 856 ||| DROPPING potion of ambrosia.
  1205 | D:1      | 1205 ||| READING scroll labelled PIPHAO LOKIF.
  1206 | D:1      | 1206 ||| READING scroll labelled SUGIANU BIDEQ.
  1207 | D:1      | 1207 ||| READING 2 scrolls of identify.
  1207 | D:1      | 1207 ||| IDENTIFYING fizzy orange potion
  1208 | D:1      | 1208 ||| DROPPING potion of degeneration.
  1436 | D:3      | 1436 ||| Stepping ~*~*~tactically~*~*~ (stealth).
  1439 | D:3      | 1439 ||| Stepping ~*~*~tactically~*~*~ (stealth).
  1451 | D:3      | 1451 ||| Stepping ~*~*~tactically~*~*~ (stealth).
  1526 | D:3      | 1526 ||| Stepping ~*~*~tactically~*~*~ (stealth).
  1528 | D:3      | 1528 ||| Stepping ~*~*~tactically~*~*~ (stealth).
  1534 | D:3      | 1534 ||| Stepping ~*~*~tactically~*~*~ (stealth).
  1631 | D:3      | 1631 ||| Stepping ~*~*~tactically~*~*~ (stealth).
  1632 | D:3      | 1632 ||| Stepping ~*~*~tactically~*~*~ (stealth).
  1636 | D:3      | Noticed Robin
  1641 | D:3      | Reached XP level 6. HP: 37/38 MP: 6/6
  1650 | D:3      | Killed Robin
  1656 | D:3      | Reached skill level 1 in Dodging
  1668 | D:3      | Found an ancient bone altar of Kikubaaqudgha.
  1738 | D:3      | 1738 ||| Stepping ~*~*~tactically~*~*~ (stealth).
  1812 | D:3      | 1812 ||| Stepping ~*~*~tactically~*~*~ (hiding).
  1976 | D:3      | 1976 ||| Stepping ~*~*~tactically~*~*~ (stealth).
  2086 | D:3      | 2086 ||| Stepping ~*~*~tactically~*~*~ (stealth).
  2309 | D:3      | 2309 ||| UPGRADING to +0 helmet.
  2314 | D:3      | 2314 ||| UPGRADING to +0 chain mail.
  2324 | D:3      | 2324 ||| DROPPING +0 scale mail.
  2325 | D:3      | 2325 ||| UPGRADING to +0 cloak.
  2330 | D:3      | 2330 ||| READING scroll labelled OWNALI CEUD.
  2331 | D:3      | 2331 ||| READING 2 scrolls labelled BUNUNGO TOUL YNUC.
  2336 | D:3      | 2336 ||| READING scroll labelled BEMAPOU QIAQIT.
  2337 | D:3      | 2337 ||| READING 2 scrolls of identify.
  2337 | D:3      | 2337 ||| IDENTIFYING sedimented yellow potion
  2425 | D:4      | 2425 ||| READING scroll of brand weapon.
  2425 | D:4      | 2425 ||| BRANDING +1 war axe of venom.
  2493 | D:4      | Reached skill level 6 in Axes
  2493 | D:4      | Reached XP level 7. HP: 30/43 MP: 7/7
  2543 | D:4      | 2543 ||| READING scroll of enchant armour.
  2543 | D:4      | 2543 ||| ENCHANTING +0 helmet.
  2584 | D:4      | 2584 ||| FLEEEEING.
  2613 | D:4      | 2613 ||| Stepping ~*~*~tactically~*~*~ (hiding).
  2630 | D:4      | HP: 10/43 [gnoll/+0 club[a gnoll sergeant] (7)]
  2631 | D:4      | 2631 ||| READING scroll of teleportation.
  2671 | D:4      | 2671 ||| Stepping ~*~*~tactically~*~*~ (hiding).
  2826 | D:4      | 2826 ||| DROPPING +0 mace.
  2864 | D:4      | Reached skill level 7 in Axes
  2934 | D:4      | 2934 ||| Stepping ~*~*~tactically~*~*~ (stealth).
  3146 | D:4      | 3146 ||| Stepping ~*~*~tactically~*~*~ (hiding).
  3399 | D:4      | 3399 ||| UPGRADING to +4 ring of slaying {mikee}.
  3400 | D:4      | 3400 ||| UPGRADING to ring of see invisible.
  3401 | D:4      | 3401 ||| READING scroll labelled REEL VAOHAIKHLA.
  3402 | D:4      | 3402 ||| READING 2 scrolls of identify.
  3402 | D:4      | 3402 ||| IDENTIFYING brown potion
  3427 | D:5      | Entered Level 5 of the Dungeon
  3591 | D:5      | Noticed Ijyb
  3595 | D:5      | Killed Ijyb
  3660 | D:5      | Found Rewaujif's Distillery.
  3699 | D:5      | 3699 ||| BUYING potion of attraction (30 gold).
  3699 | D:5      | Bought a potion of attraction for 30 gold pieces
  3699 | D:5      | 3699 ||| BUYING potion of curing (30 gold).
  3699 | D:5      | Bought a potion of curing for 30 gold pieces
  3699 | D:5      | 3699 ||| BUYING potion of curing (30 gold).
  3699 | D:5      | Bought a potion of curing for 30 gold pieces
  3699 | D:5      | 3699 ||| BUYING potion of heal wounds (50 gold).
  3699 | D:5      | Bought a potion of heal wounds for 50 gold pieces
  3699 | D:5      | 3699 ||| SHOPLISTING potion of heal wounds (50 gold, have
                  | 46).
  3699 | D:5      | 3699 ||| SHOPLISTING potion of magic (80 gold, have 46).
  3699 | D:5      | 3699 ||| SHOPLISTING potion of mutation (80 gold, have 46).
  3754 | D:5      | Reached XP level 8. HP: 49/49 MP: 8/8
  3769 | D:5      | Found a runed translucent gate.
  3770 | D:5      | Found a runed translucent gate.
  3771 | D:5      | Found a runed translucent gate.
  3772 | D:5      | Noticed qw's ghost (novice MiHu)
  3772 | D:5      | Noticed qw's ghost (novice GrFi)
  3773 | D:5      | Noticed qw's ghost (novice MiHu)
  3776 | D:5      | Noticed Edmund
  3795 | D:5      | Killed Edmund
  4073 | D:5      | 4073 ||| Stepping ~*~*~tactically~*~*~ (cloud).
  4074 | D:5      | 4074 ||| Stepping ~*~*~tactically~*~*~ (cloud).
  4082 | D:5      | 4082 ||| Stepping ~*~*~tactically~*~*~ (cloud).
  4232 | D:5      | Reached skill level 8 in Axes
  4306 | D:5      | Noticed Prince Ribbit
  4314 | D:5      | Killed Prince Ribbit
  4315 | D:5      | Reached skill level 6 in Fighting
  4441 | D:5      | 4441 ||| READING scroll labelled TAATHOST ZAIN.
  4442 | D:5      | 4442 ||| READING 2 scrolls of identify.
  4442 | D:5      | 4442 ||| IDENTIFYING golden potion
  4443 | D:5      | 4443 ||| DROPPING potion of brilliance.
  4471 | D:6      | Found an opulent altar of Gozag.
  4473 | D:6      | 4473 ||| STAIRDANCE
  4632 | D:6      | Found an opulent altar of Gozag.
  4637 | D:6      | Found an opulent altar of Gozag.
  4653 | D:6      | Reached XP level 9. HP: 56/56 MP: 9/9
  4663 | D:6      | Found a staircase to the Ecumenical Temple.
  4664 | D:6      | 4664 ||| PLANNING TEMPLE
  4668 | D:6      | 4668 ||| Stepping ~*~*~tactically~*~*~ (hiding).
  4686 | D:6      | 4686 ||| FLEEEEING.
  4687 | D:6      | 4687 ||| FLEEEEING.
  4688 | D:6      | 4688 ||| FLEEEEING.
  4689 | D:6      | 4689 ||| FLEEEEING.
  4693 | D:6      | 4693 ||| FLEEEEING.
  4694 | D:6      | 4694 ||| FLEEEEING.
  4695 | D:6      | 4695 ||| FLEEEEING.
  4699 | D:6      | 4699 ||| STAIRDANCE
  4782 | D:6      | Reached skill level 9 in Axes
  4807 | Temple   | Entered the Ecumenical Temple
  4968 | Temple   | 4968 ||| PLANNING OKAWARU WORSHIP
  4971 | Temple   | Became a worshipper of Warmaster Okawaru
  4971 | Temple   | 4971 ||| PLANNING D:1-11
  5018 | D:6      | 5018 ||| Stepping ~*~*~tactically~*~*~ (stealth).
  5228 | D:6      | 5228 ||| READING scroll of enchant armour.
  5228 | D:6      | 5228 ||| ENCHANTING +1 helmet.
  5231 | D:6      | 5231 ||| Stepping ~*~*~tactically~*~*~ (stealth).
  5235 | D:6      | 5235 ||| Stepping ~*~*~tactically~*~*~ (stealth).
  5425 | D:6      | 5425 ||| Stepping ~*~*~tactically~*~*~ (hiding).
  5430 | D:6      | 5430 ||| Stepping ~*~*~tactically~*~*~ (hiding).
  5430 | D:6      | Found an opulent altar of Gozag.
  5431 | D:6      | 5431 ||| Stepping ~*~*~tactically~*~*~ (hiding).
  5614 | D:6      | 5614 ||| FLEEEEING.
  5666 | D:6      | 5666 ||| READING scroll labelled WACSUBBUNAPS.
  5705 | D:6      | 5705 ||| DRINKING 2 metallic dark potions.
  5740 | D:7      | 5740 ||| Stepping ~*~*~tactically~*~*~ (hiding).
  5911 | D:7      | 5911 ||| Stepping ~*~*~tactically~*~*~ (hiding).
  5926 | D:7      | Reached * piety under Okawaru
  5949 | D:7      | 5949 ||| Stepping ~*~*~tactically~*~*~ (hiding).
  5950 | D:7      | 5950 ||| Stepping ~*~*~tactically~*~*~ (stealth).
  6046 | D:7      | 6046 ||| INVOKING Heroism.
  6064 | D:7      | Noticed Menkaure
  6065 | D:7      | 6065 ||| Stepping ~*~*~tactically~*~*~ (hiding).
  6076 | D:7      | Killed Menkaure
  6230 | D:7      | Found a basalt altar of Yredelemnul.
  6253 | D:7      | Noticed Maggie
  6254 | D:7      | 6254 ||| Stepping ~*~*~tactically~*~*~ (stealth).
  6257 | D:7      | 6257 ||| INVOKING Heroism.
  6265 | D:7      | Killed Maggie
  6289 | D:7      | 6289 ||| READING scroll of brand weapon.
  6289 | D:7      | 6289 ||| BRANDING +1 war axe of protection.
  6290 | D:7      | 6290 ||| DROPPING +0 flail.
  6307 | D:7      | Found a glowing golden altar of the Shining One.
  6423 | D:7      | Noticed Dowan
  6424 | D:7      | 6424 ||| Stepping ~*~*~tactically~*~*~ (hiding).
  6425 | D:7      | 6425 ||| Stepping ~*~*~tactically~*~*~ (hiding).
  6426 | D:7      | 6426 ||| INVOKING Heroism.
  6431 | D:7      | Killed Dowan
  6432 | D:7      | Reached skill level 3 in Invocations
  6432 | D:7      | Noticed Duvessa
  6433 | D:7      | 6433 ||| Stepping ~*~*~tactically~*~*~ (stealth).
  6449 | D:7      | 6449 ||| Stepping ~*~*~tactically~*~*~ (stealth).
  6453 | D:7      | 6453 ||| Stepping ~*~*~tactically~*~*~ (stealth).
  6459 | D:7      | 6459 ||| INVOKING Heroism.
  6469 | D:7      | Killed Duvessa
  6470 | D:7      | Reached skill level 10 in Axes
  6594 | D:7      | Reached XP level 10. HP: 63/63 MP: 12/12
  6634 | D:7      | 6634 ||| Stepping ~*~*~tactically~*~*~ (hiding).
  6637 | D:7      | 6637 ||| INVOKING Heroism.
  6715 | D:7      | 6715 ||| Stepping ~*~*~tactically~*~*~ (stealth).
  6718 | D:7      | 6718 ||| Stepping ~*~*~tactically~*~*~ (stealth).
  6722 | D:7      | Reached skill level 6 in Armour
  6842 | D:8      | Reached ** piety under Okawaru
  7296 | D:8      | Identified the +3 rapier "Cext" {holy, rElec MP+9 Str+2
                  | Int-3}
  7305 | D:8      | 7305 ||| READING scroll of enchant armour.
  7305 | D:8      | 7305 ||| ENCHANTING +0 pair of boots.
  7491 | D:8      | Noticed a brown ugly thing
  7500 | D:8      | 7500 ||| INVOKING Heroism.
  7501 | D:8      | Killed a brown ugly thing
  7994 | D:8      | 7994 ||| UPGRADING to +6 ring of strength.
  8034 | D:9      | 8034 ||| Stepping ~*~*~tactically~*~*~ (stealth).
  8039 | D:9      | 8039 ||| INVOKING Heroism.
  8049 | D:9      | 8049 ||| Stepping ~*~*~tactically~*~*~ (hiding).
  8050 | D:9      | 8050 ||| Stepping ~*~*~tactically~*~*~ (hiding).
  8079 | D:9      | 8079 ||| Stepping ~*~*~tactically~*~*~ (hiding).
  8097 | D:9      | 8097 ||| SWAPPING to +2 vampiric war axe.
  8133 | D:9      | Found a shimmering altar of Xom.
  8151 | D:9      | 8151 ||| Stepping ~*~*~tactically~*~*~ (stealth).
  8168 | D:9      | 8168 ||| Stepping ~*~*~tactically~*~*~ (stealth).
  8255 | D:9      | 8255 ||| Stepping ~*~*~tactically~*~*~ (stealth).
  8272 | D:9      | Reached *** piety under Okawaru
  8273 | D:9      | Reached skill level 11 in Axes
  8323 | D:9      | Found a staircase to the Orcish Mines.
  8361 | D:9      | 8361 ||| Stepping ~*~*~tactically~*~*~ (stealth).
  8362 | D:9      | 8362 ||| Stepping ~*~*~tactically~*~*~ (stealth).
  8376 | D:9      | 8376 ||| Stepping ~*~*~tactically~*~*~ (stealth).
  8545 | D:9      | Reached skill level 3 in Throwing
  8545 | D:9      | 8545 ||| Stepping ~*~*~tactically~*~*~ (hiding).
  8889 | D:9      | 8889 ||| INVOKING Heroism.
  8897 | D:9      | Reached XP level 11. HP: 56/69 MP: 11/14
  9074 | D:9      | 9074 ||| UPGRADING to +0 kite shield.
  9084 | D:9      | 9084 ||| DROPPING +0 buckler.
  9085 | D:9      | 9085 ||| DROPPING ring of magical power.
  9086 | D:9      | 9086 ||| READING scroll labelled KUR GOTYISKE.
  9214 | D:10     | Entered Level 10 of the Dungeon
  9235 | D:10     | 9235 ||| Stepping ~*~*~tactically~*~*~ (stealth).
  9236 | D:10     | 9236 ||| Stepping ~*~*~tactically~*~*~ (stealth).
  9239 | D:10     | 9239 ||| INVOKING Heroism.
  9257 | D:10     | 9257 ||| DRINKING 6 potions of curing.
  9257 | D:10     | 9257 ||| (to cure confusion)
  9295 | D:10     | Noticed a two-headed ogre
  9296 | D:10     | 9296 ||| INVOKING Heroism.
  9297 | D:10     | Noticed a fire crab
  9297 | D:10     | Noticed Snorg
  9300 | D:10     | 9300 ||| Stepping ~*~*~tactically~*~*~ (cloud).
  9302 | D:10     | Noticed a manticore
  9303 | D:10     | Killed a two-headed ogre
  9304 | D:10     | Reached skill level 6 in Shields
  9309 | D:10     | Killed a fire crab
  9310 | D:10     | HP: 9/69 [Snorg (14)]
  9311 | D:10     | 9311 ||| READING 4 scrolls of teleportation.
  9312 | D:10     | 9312 ||| DRINKING 4 potions of heal wounds.
  9314 | D:10     | 9314 ||| DRINKING 3 potions of heal wounds.
  9397 | D:10     | Found a staircase to the Lair.
  9425 | D:10     | Reached **** piety under Okawaru
  9438 | D:10     | Identified the amulet of the Pharaoh's Fist {Reflect Contam
                  | +Blink rElec Regen+ Int-5 SH+5}
  9440 | D:10     | 9440 ||| Stepping ~*~*~tactically~*~*~ (hiding).
  9459 | D:10     | Noticed a cyclops
  9460 | D:10     | 9460 ||| Stepping ~*~*~tactically~*~*~ (hiding).
  9466 | D:10     | 9466 ||| INVOKING Heroism.
  9475 | D:10     | Killed a cyclops
  9475 | D:10     | Received a gift from Okawaru
  9511 | D:10     | 9511 ||| Stepping ~*~*~tactically~*~*~ (stealth).
  9512 | D:10     | 9512 ||| Stepping ~*~*~tactically~*~*~ (stealth).
  9514 | D:10     | 9514 ||| Stepping ~*~*~tactically~*~*~ (stealth).
  9516 | D:10     | 9516 ||| Stepping ~*~*~tactically~*~*~ (hiding).
  9558 | D:10     | 9558 ||| Stepping ~*~*~tactically~*~*~ (stealth).
  9559 | D:10     | 9559 ||| Stepping ~*~*~tactically~*~*~ (stealth).
  9560 | D:10     | 9560 ||| Stepping ~*~*~tactically~*~*~ (hiding).
  9561 | D:10     | 9561 ||| Stepping ~*~*~tactically~*~*~ (hiding).
  9564 | D:10     | 9564 ||| DRINKING 5 potions of curing.
  9564 | D:10     | 9564 ||| (to cure confusion)
  9624 | D:10     | 9624 ||| Stepping ~*~*~tactically~*~*~ (stealth).
  9629 | D:10     | 9629 ||| Stepping ~*~*~tactically~*~*~ (stealth).
  9631 | D:10     | 9631 ||| Stepping ~*~*~tactically~*~*~ (hiding).
  9635 | D:10     | 9635 ||| INVOKING Heroism.
  9707 | D:10     | 9707 ||| Stepping ~*~*~tactically~*~*~ (hiding).
  9712 | D:10     | 9712 ||| INVOKING Heroism.
  9716 | D:10     | Killed a manticore
  9757 | D:10     | Identified the amulet of Wariness {Spirit Fragile Int+3
                  | Slay+2}
  9815 | D:10     | Noticed Sonja
  9825 | D:10     | 9825 ||| Stepping ~*~*~tactically~*~*~ (hiding).
  9826 | D:10     | 9826 ||| Stepping ~*~*~tactically~*~*~ (hiding).
  9845 | D:10     | 9845 ||| Stepping ~*~*~tactically~*~*~ (hiding).
  9866 | D:10     | Killed Sonja
 10325 | D:10     | 10325 ||| PLANNING LAIR
 10325 | D:10     | 10325 ||| UPGRADING to +0 plate armour.
 10335 | D:10     | 10335 ||| DROPPING +0 chain mail.
 10336 | D:10     | 10336 ||| DROPPING +0 ring mail of cold resistance.
 10337 | D:10     | 10337 ||| UPGRADING to +0 pair of gloves.
 10342 | D:10     | 10342 ||| UPGRADING to amulet of the Pharaoh's Fist
                  | {Reflect Contam +Blink rElec Regen+ Int-5 SH+5}.
 10352 | D:10     | 10352 ||| DROPPING amulet of the acrobat.
 10353 | D:10     | 10353 ||| DROPPING amulet of Wariness {Spirit Fragile Int+3
                  | Slay+2}.
 10354 | D:10     | 10354 ||| DROPPING +4 ring of slaying {mikee}.
 10355 | D:10     | 10355 ||| UPGRADING to +6 ring of strength.
 10357 | D:10     | 10357 ||| DROPPING ring of see invisible.
 10409 | Lair:1   | Entered Level 1 of the Lair of Beasts
 10432 | Lair:1   | Reached skill level 6 in Invocations
 10512 | Lair:1   | 10512 ||| INVOKING Heroism.
 10513 | Lair:1   | 10513 ||| Stepping ~*~*~tactically~*~*~ (stealth).
 10526 | Lair:1   | Reached skill level 9 in Shields
 10555 | Lair:1   | 10555 ||| INVOKING Heroism.
 10679 | Lair:1   | 10679 ||| INVOKING Heroism.
 10694 | Lair:1   | 10694 ||| Stepping ~*~*~tactically~*~*~ (stealth).
 10695 | Lair:1   | 10695 ||| Stepping ~*~*~tactically~*~*~ (stealth).
 10696 | Lair:1   | 10696 ||| Stepping ~*~*~tactically~*~*~ (stealth).
 10697 | Lair:1   | 10697 ||| Stepping ~*~*~tactically~*~*~ (stealth).
 10750 | Lair:1   | 10750 ||| INVOKING Heroism.
 10797 | Lair:1   | 10797 ||| Stepping ~*~*~tactically~*~*~ (stealth).
 10801 | Lair:1   | 10801 ||| Stepping ~*~*~tactically~*~*~ (stealth).
 10804 | Lair:1   | 10804 ||| Stepping ~*~*~tactically~*~*~ (stealth).
 10938 | Lair:1   | 10938 ||| INVOKING Heroism.
 10940 | Lair:1   | Reached XP level 12. HP: 75/75 MP: 14/17
 10956 | Lair:1   | 10956 ||| Stepping ~*~*~tactically~*~*~ (stealth).
 10991 | Lair:1   | 10991 ||| INVOKING Heroism.
 11292 | Lair:1   | 11292 ||| READING scroll labelled QIPAIVAIBRY.
 11336 | Lair:2   | Found a runed translucent gate.
 11336 | Lair:2   | Found a runed translucent gate.
 11336 | Lair:2   | Found a runed translucent gate.
 11344 | Lair:2   | Noticed qw's ghost (journeyman MiHu)
 11398 | Lair:2   | You fall into a shaft and drop 2 floors!
 11400 | Lair:4   | Found a staircase to the Slime Pits.
 11421 | Lair:4   | 11421 ||| INVOKING Heroism.
 11437 | Lair:4   | 11437 ||| Stepping ~*~*~tactically~*~*~ (stealth).
 11510 | Lair:4   | 11510 ||| READING scroll of enchant armour.
 11510 | Lair:4   | 11510 ||| ENCHANTING +0 pair of gloves.
 11517 | Lair:4   | 11517 ||| Stepping ~*~*~tactically~*~*~ (stealth).
 11520 | Lair:4   | 11520 ||| Stepping ~*~*~tactically~*~*~ (stealth).
 11522 | Lair:4   | 11522 ||| Stepping ~*~*~tactically~*~*~ (hiding).
 11523 | Lair:4   | 11523 ||| Stepping ~*~*~tactically~*~*~ (stealth).
 11524 | Lair:4   | 11524 ||| Stepping ~*~*~tactically~*~*~ (stealth).
 11525 | Lair:4   | 11525 ||| INVOKING Heroism.
 11575 | Lair:4   | 11575 ||| DROPPING ring of flight.
 11576 | Lair:4   | 11576 ||| DROPPING +6 ring of intelligence.
 11592 | Lair:3   | 11592 ||| INVOKING Heroism.
 11601 | Lair:3   | Reached ***** piety under Okawaru
 11602 | Lair:3   | Reached skill level 9 in Invocations
 11643 | Lair:3   | 11643 ||| Stepping ~*~*~tactically~*~*~ (stealth).
 11644 | Lair:3   | 11644 ||| Stepping ~*~*~tactically~*~*~ (stealth).
 11645 | Lair:3   | 11645 ||| INVOKING Heroism.
 11871 | Lair:3   | 11871 ||| DROPPING +1 pair of boots.
 11991 | Lair:2   | Reached skill level 9 in Fighting
 12114 | Lair:2   | 12114 ||| INVOKING Heroism.
 12116 | Lair:2   | Noticed an eight-headed hydra
 12117 | Lair:2   | 12117 ||| INVOKING Finesse.
 12127 | Lair:2   | 12127 ||| SWAPPING to +1 war axe of flaming.
 12131 | Lair:2   | Killed a five-headed hydra
 12132 | Lair:2   | 12132 ||| SWAPPING to +2 vampiric war axe.
 12137 | Lair:2   | 12137 ||| Stepping ~*~*~tactically~*~*~ (stealth).
 12156 | Lair:2   | 12156 ||| Stepping ~*~*~tactically~*~*~ (stealth).
 12157 | Lair:2   | 12157 ||| Stepping ~*~*~tactically~*~*~ (stealth).
 12163 | Lair:2   | 12163 ||| Stepping ~*~*~tactically~*~*~ (stealth).
 12164 | Lair:2   | 12164 ||| Stepping ~*~*~tactically~*~*~ (stealth).
 12165 | Lair:2   | 12165 ||| Stepping ~*~*~tactically~*~*~ (stealth).
 12497 | Lair:2   | 12497 ||| INVOKING Heroism.
 12505 | Lair:2   | 12505 ||| Stepping ~*~*~tactically~*~*~ (cloud).
 12509 | Lair:2   | 12509 ||| Stepping ~*~*~tactically~*~*~ (stealth).
 12510 | Lair:2   | 12510 ||| Stepping ~*~*~tactically~*~*~ (stealth).
 12511 | Lair:2   | 12511 ||| Stepping ~*~*~tactically~*~*~ (stealth).
 12512 | Lair:2   | 12512 ||| Stepping ~*~*~tactically~*~*~ (stealth).
 12517 | Lair:2   | Noticed a death yak
 12518 | Lair:2   | 12518 ||| INVOKING Finesse.
 12526 | Lair:2   | Noticed a catoblepas
 12534 | Lair:2   | Identified the +1 pair of boots of Coeren {-Cast Harm rF+
                  | rN++} (Okawaru gifted it to you on level 2 of the Lair of
                  | Beasts)
 12534 | Lair:2   | Received a gift from Okawaru
 12535 | Lair:2   | Reached skill level 12 in Axes
 12538 | Lair:2   | Killed a death yak
 12548 | Lair:2   | Killed a catoblepas
 12549 | Lair:2   | Reached XP level 13. HP: 80/80 MP: 16/20
 12553 | Lair:2   | Reached skill level 9 in Armour
 12734 | Lair:2   | Found a staircase to the Swamp.
 12739 | Lair:2   | 12739 ||| DROPPING +0 cloak of preservation.
 12850 | Lair:2   | Found a hole to the Spider Nest.
 12851 | Lair:2   | 12851 ||| INVOKING Finesse.
 12855 | Lair:2   | 12855 ||| INVOKING Heroism.
 12960 | Lair:2   | Found a viscous altar of Jiyva.
 13026 | Lair:3   | 13026 ||| INVOKING Heroism.
 13079 | Lair:3   | 13079 ||| INVOKING Heroism.
 13316 | Lair:3   | 13316 ||| Stepping ~*~*~tactically~*~*~ (stealth).
 13317 | Lair:3   | 13317 ||| Stepping ~*~*~tactically~*~*~ (stealth).
 13318 | Lair:3   | 13318 ||| Stepping ~*~*~tactically~*~*~ (stealth).
 13342 | Lair:3   | Identified the +3 leather armour of the Game Afoot {rC- rN+
                  | Regen+}
 13570 | Lair:4   | 13570 ||| INVOKING Heroism.
 13598 | Lair:4   | 13598 ||| Stepping ~*~*~tactically~*~*~ (stealth).
 13627 | Lair:4   | 13627 ||| DROPPING +2 vampiric war axe.
 13787 | Lair:4   | Reached skill level 13 in Axes
 13839 | Lair:4   | Found an ancient bone altar of Kikubaaqudgha.
 13909 | Lair:4   | 13909 ||| INVOKING Heroism.
 13941 | Lair:4   | Received a gift from Okawaru
 13957 | Lair:4   | 13957 ||| INVOKING Heroism.
 13961 | Lair:4   | 13961 ||| SWAPPING to +1 war axe of flaming.
 13968 | Lair:4   | 13968 ||| SWAPPING to +2 vampiric war axe.
 13986 | Lair:4   | Received a gift from Okawaru
 14185 | Lair:5   | Entered Level 5 of the Lair of Beasts
 14316 | Lair:5   | 14316 ||| INVOKING Heroism.
 14330 | Lair:5   | Received a gift from Okawaru
 14408 | Lair:5   | 14408 ||| INVOKING Heroism.
 14409 | Lair:5   | 14409 ||| Stepping ~*~*~tactically~*~*~ (stealth).
 14412 | Lair:5   | 14412 ||| INVOKING Finesse.
 14420 | Lair:5   | Gained mutation: Your large and strong wings let you fly.
                  | [Gargoyle growth]
 14420 | Lair:5   | Reached XP level 14. HP: 88/88 MP: 14/21
 14444 | Lair:5   | Reached skill level 14 in Axes
 14531 | Lair:5   | 14531 ||| Stepping ~*~*~tactically~*~*~ (stealth).
 14574 | Lair:5   | Received a gift from Okawaru
 14699 | Lair:5   | Noticed a dire elephant
 14700 | Lair:5   | 14700 ||| Stepping ~*~*~tactically~*~*~ (stealth).
 14704 | Lair:5   | 14704 ||| INVOKING Heroism.
 14721 | Lair:5   | Killed a dire elephant
 14738 | Lair:5   | 14738 ||| INVOKING Finesse.
 14739 | Lair:5   | 14739 ||| Stepping ~*~*~tactically~*~*~ (hiding).
 14740 | Lair:5   | 14740 ||| Stepping ~*~*~tactically~*~*~ (hiding).
 14741 | Lair:5   | 14741 ||| Stepping ~*~*~tactically~*~*~ (hiding).
 14752 | Lair:5   | 14752 ||| Stepping ~*~*~tactically~*~*~ (hiding).
 14753 | Lair:5   | 14753 ||| Stepping ~*~*~tactically~*~*~ (hiding).
 14754 | Lair:5   | 14754 ||| Stepping ~*~*~tactically~*~*~ (hiding).
 14791 | Lair:5   | 14791 ||| Stepping ~*~*~tactically~*~*~ (hiding).
 14792 | Lair:5   | 14792 ||| Stepping ~*~*~tactically~*~*~ (hiding).
 14803 | Lair:5   | Noticed a dire elephant
 14804 | Lair:5   | 14804 ||| INVOKING Heroism.
 14820 | Lair:5   | Killed a dire elephant
 14829 | Lair:5   | 14829 ||| PLANNING D:1-11
 14829 | Lair:5   | 14829 ||| UPGRADING to amulet of faith.
 14836 | Lair:5   | Gained mutation: Your mind is acute. (Int +4, Str/Dex -1)
                  | [mutagenic glow]
 14950 | D:11     | Found Viunaah's Antique Weapon Boutique.
 14951 | D:11     | 14951 ||| PLANNING GAUNTLET
 14963 | D:11     | 14963 ||| UPGRADING to +5 ring of evasion.
 14967 | D:11     | 14967 ||| Stepping ~*~*~tactically~*~*~ (stealth).
 14974 | D:11     | Reached skill level 12 in Shields
 15020 | D:11     | Found a gate leading to a gauntlet.
 15021 | D:11     | 15021 ||| DROPPING +6 ring of strength.
 15030 | Gauntlet | Entered a Gauntlet
 15030 | Gauntlet | Found a transporter.
 15037 | Gauntlet | Found a transporter.
 15042 | Gauntlet | Found a transporter.
 15050 | Gauntlet | Found a transporter.
 15055 | Gauntlet | Found a transporter.
 15063 | Gauntlet | Found a transporter.
 15068 | Gauntlet | Found a transporter.
 15076 | Gauntlet | Found a transporter.
 15080 | Gauntlet | Found a transporter.
 15084 | Gauntlet | Found a runed translucent door.
 15086 | Gauntlet | Found a runed translucent door.
 15088 | Gauntlet | Found a transporter.
 15119 | Gauntlet | Found a transporter.
 15131 | Gauntlet | Found a transporter.
 15140 | Gauntlet | Noticed a quicksilver ooze
 15144 | Gauntlet | Found a transporter.
 15157 | Gauntlet | Found a transporter.
 15186 | Gauntlet | 15186 ||| INVOKING Heroism.
 15281 | Gauntlet | 15281 ||| INVOKING Heroism.
 15367 | Gauntlet | 15367 ||| READING scroll of enchant weapon.
 15367 | Gauntlet | 15367 ||| ENCHANTING +2 vampiric war axe.
 15451 | Gauntlet | 15451 ||| INVOKING Heroism.
 15462 | Gauntlet | Killed a quicksilver ooze
 15580 | Gauntlet | 15580 ||| READING scroll of enchant armour.
 15580 | Gauntlet | 15580 ||| ENCHANTING +1 pair of gloves.
 15600 | Gauntlet | Identified the +5 flail of Insufficient Pleasure {freeze,
                  | rF+ Will+}
 15600 | Gauntlet | Identified the +4 tower shield of Ashenzari's Envy {Will+
                  | Int+3}
 15600 | Gauntlet | Identified the ring "Vicaysh" {rPois Int-3 Slay+4}
 15601 | Gauntlet | 15601 ||| INVOKING Heroism.
 15636 | Gauntlet | HP: 6/90 [minotaur/the +5 flail of Insufficient Pleasure
                  | {freeze, rF+ Will+} (21)]
 15636 | Gauntlet | HP: 2/90 [minotaur/the +5 flail of Insufficient Pleasure
                  | {freeze, rF+ Will+} (4)]
 15636 | Gauntlet | Mangled by a minotaur

Levels and vault maps discovered:
D:1:      minmay_arrival_nine_rooms, layout_basic, serial_shops, shop
D:2:      minmay_door_path, layout_basic, shapermc_ecumenical_altar_rom_forum,
          uniq_sigmund
D:3:      minmay_evil_eye, layout_basic, lemuel_zombie_altar_kikubaaqudgha,
          uniq_robin
D:4:      layout_basic
D:5:      layout_gridville, serial_shops, nicolae_shop_statue_plus,
          gammafunk_ghost_cemetery, uniq_prince_ribbit1, uniq_edmund, uniq_ijyb
D:6:      layout_loops_cross, nicolae_gozag_conspicuous_consumption,
          minmay_temple_entry_slanted
D:7:      layout_gridville, yredelemnul_altar_generic,
          mainiacjoe_overflow_paths, uniq_duvessa, uniq_maggie, uniq_menkaure
D:8:      layout_layer_cave
D:9:      layout_basic, mainiacjoe_overflow_surrounded_room, zombieorc1_lemuel,
          serial_corexii_hall, corexii_hall_statues_t,
          chequers_hall_statues_wall_a, kennysheep_cross_room,
          ebering_dispersal_statue_hall
D:10:     minmay_the_grid_square_5x5_3x3 [minmay_the_grid_square_5x5_shrine1,
          minmay_the_grid_square_5x5_shuriken, minmay_the_grid_square_5x5_meh,
          minmay_the_grid_square_5x5_z,
          minmay_the_grid_square_5x5_megaprize_diamond,
          minmay_the_grid_square_5x5_seven, minmay_the_grid_square_5x5_n_small,
          minmay_the_grid_square_5x5_v, minmay_the_grid_square_5x5_three_walls],
          layout_basic, hangedman_abyss_or_decor_stabs, uniq_sonja, uniq_snorg
D:11:     minmay_opposing_rooms, layout_basic, gauntlet_entry_generic,
          serial_shops, nicolae_shop_advertising_works
          [nicolae_subvault_shop_adworks], minmay_nine_imps
Temple:   bh_familiar_temple
Lair:1:   lemuel_ratsnest, layout_misc_corridors, nicolae_quartered_pool_super,
          chequers_serial_rivers_micro_a
Lair:2:   layout_gridlike, swamp_mist_pool, nicolae_spider_entry_orb_guardian,
          gammafunk_ghost_ooze, nzn_random_ring, lemuel_fruit_fields
Lair:3:   layout_gridlike
Lair:4:   layout_gridlike, slime_entry_1, special_room
          [special_room_mythical_zoo], basic_altar
Lair:5:   hangedman_lair_in_review, layout_concentric_octagons
Gauntlet: gammafunk_gauntlet_77_escape_option
          [minmay_gauntlet_arena_77_tiled_triplets,
          minmay_gauntlet_arena_77_mirror, minmay_gauntlet_arena_77_fan,
          minmay_gauntlet_arena_77_hold_the_fort,
          minmay_gauntlet_arena_77_cramped,
          nicolae_gauntlet_exit_dead_adventurers]

Skill      XL: |  1  2  3  4  5  6  7  8  9 10 11 12 13 14 |
---------------+-------------------------------------------+-----
Axes           | 2 3 5 6 7 8 10 11 12 13 14 | 14.0
Fighting       | 4 5 6 7 8 9 10 11 | 11.0
Dodging        | 1 2 |  2.0
Armour         | 4 5 6 7 8 10 | 10.8
Throwing       | 2 4 5 |  5.0
Shields        | 4 5 9 10 11 12 | 12.0
Invocations    | 3 4 7 10 | 10.0

Action                     |  1- 3 |  4- 6 |  7- 9 | 10-12 | 13-15 || total
---------------------------+-------+-------+-------+-------+-------++-------
  Melee: War axe           |    68 |   161 |   298 |   640 |   492 ||  1659
  Throw: Boomerang         |       |     6 |    24 |    84 |    27 ||   141
         Javelin           |       |       |       |    41 |    41 ||    82
 Invoke: Heroism           |       |       |     4 |    21 |    14 ||    39
         Finesse           |       |       |       |     2 |     3 ||     5
    Use: Scroll            |       |    16 |     9 |     5 |     2 ||    32
         Potion            |       |       |     1 |     4 |       ||     5
   Stab: Distracted        |       |     1 |       |       |       ||     1
         Petrified         |       |       |       |     7 |       ||     7
 Armour: Scale mail        |    35 |    49 |       |       |       ||    84
         Chain mail        |       |    11 |   187 |   229 |       ||   427
         Plate armour      |       |       |       |    95 |   187 ||   282
  Dodge: Dodged            |    39 |    54 |   143 |   227 |   140 ||   603
  Block: Buckler           |    17 |    32 |    46 |    46 |       ||   141
         Kite shield       |       |       |       |   303 |   301 ||   604
         Reflection        |       |       |       |     1 |     4 ||     5

Table legend:
 A = Non-vault XP
 B = Vault XP
 C = Vault XP percentage of total XP
 D = Non-vault monster count
 E = Vault monster count
 F = Vault count percentage of total count
                 A         B        C        D         E       F
            +---------+---------+-------+---------+---------+-------
      Total |   38955 |   32504 |  45.5 |     334 |     190 |  36.3
            +---------+---------+-------+---------+---------+-------
        D:1 |      26 |       0 |   0.0 |      19 |       0 |   0.0
        D:2 |      49 |     212 |  81.2 |      19 |       2 |   9.5
        D:3 |     177 |      48 |  21.3 |      22 |      19 |  46.3
        D:4 |     531 |       0 |   0.0 |      22 |       0 |   0.0
        D:5 |     756 |     461 |  37.9 |      19 |       3 |  13.6
        D:6 |     695 |       0 |   0.0 |      26 |       0 |   0.0
        D:7 |    1325 |     790 |  37.4 |      29 |       4 |  12.1
        D:8 |    1900 |       0 |   0.0 |      20 |       0 |   0.0
        D:9 |    1985 |     562 |  22.1 |      28 |      28 |  50.0
       D:10 |     649 |    4737 |  88.0 |      15 |      16 |  51.6
       D:11 |    1110 |     196 |  15.0 |       3 |       4 |  57.1
     Lair:1 |    3842 |    1526 |  28.4 |      15 |      41 |  73.2
     Lair:2 |    1529 |    7735 |  83.5 |       8 |      20 |  71.4
     Lair:3 |    6698 |       0 |   0.0 |      31 |       0 |   0.0
     Lair:4 |    9983 |    4766 |  32.3 |      42 |      25 |  37.3
     Lair:5 |    7700 |    8331 |  52.0 |      16 |      18 |  52.9
   Gauntlet |       0 |    3140 | 100.0 |       0 |      10 | 100.0
            +---------+---------+-------+---------+---------+-------
